 Dungeon Crawl Stone Soup version 0.18-a0-1526-gcb34c7c (webtiles) character file.

61 dvd the Ruffian (level 4, -7/40 HPs)
             Began as a Ghoul Monk on Mar 8, 2016.
             Mangled by a gnoll
             ... wielding a +0 spear
              (8 damage)
             ... on level 2 of the Dungeon.
             The game lasted 00:03:23 (1109 turns).

dvd the Ruffian (Ghoul Monk)                        Turns: 1109, Time: 00:03:23

Health: -7/40      AC:  2    Str: 14    XL:     4   Next: 7%
Magic:  3/3        EV:  8    Int:  5    God:
Gold:   16         SH:  0    Dex: 12    Spells: 0 memorised, 3 levels left

rFire  . . .     SeeInvis .       - Unarmed
rCold  + . .     Gourm    .     a - +0 robe
rNeg   + + +     Faith    .     (no shield)
rPois  ∞         Spirit   .     (no helmet)
rElec  .         Dismiss  .     (no cloak)
rCorr  .         Reflect  .     (no gloves)
SustAt .         Harm     .     (no boots)
MR     .....                    (no amulet)
Stlth  ++........               (no ring)
                                (no ring)

@: rotting, not resistant to hostile enchantments, unstealthy
A: rotting body, claws 1, carnivore 3, cold resistance 1, negative energy
resistance 3, slow regeneration 1, torment resistance, unbreathing
a: no special abilities


You were on level 2 of the Dungeon.
You were not hungry.

You visited 1 branch of the dungeon, and saw 2 of its levels.

You collected 16 gold pieces.

Inventory:

Missiles
 p - 9 stones (quivered)
Armour
 a - a +0 robe (worn)
Scrolls
 d - a scroll of amnesia {unknown}
 e - a scroll of random uselessness {unknown}
 h - a scroll of teleportation {unknown}
 i - a scroll of remove curse {unknown}
 l - a scroll of recharging {unknown}
 n - a scroll of immolation {unknown}
 o - a scroll of identify {unknown}
Potions
 f - a potion of magic {unknown}
 j - a potion of haste {unknown}
 k - a potion of curing {unknown}
 m - 2 potions of might {unknown}
Comestibles
 b - a meat ration
 c - a beef jerky
 g - a chunk of flesh


   Skills:
 + Level 3.7 Fighting
 + Level 3.0 Dodging
 + Level 2.6 Stealth
 + Level 5.3 Unarmed Combat


You had 3 spell levels left.
You didn't know any spells.

Dungeon Overview and Level Annotations

Branches:
Dungeon (2/15)

Altars:
Nemelex Xobeh


Innate Abilities, Weirdness & Mutations

Your body is rotting away.
You thrive on raw meat.
You are immune to poison.
You have sharp fingernails.
You are carnivorous and can eat meat at any time.
Your flesh is cold resistant.
You are immune to negative energy.
You regenerate slowly when monsters are visible.
You are immune to unholy pain and torment.
You can survive without breathing.


Message History

The gnoll hits you from afar with a spear.
* * * LOW HITPOINT WARNING * * *
You continue eating.
The gnoll hits you with a whip!
* * * LOW HITPOINT WARNING * * *
The gnoll completely misses you.
Eat a chunk of flesh? (ye/n/q/i?) Eat which item? (? for menu, Esc to quit)
Okay, then.
Unknown command.
You barely miss the gnoll. The gnoll hits you but does no damage.
You see here a club.
You closely miss the gnoll. You barely miss the gnoll. The gnoll misses you.
You see here a club.
There is a stone staircase leading up here.
The gnoll hits you with a whip.
* * * LOW HITPOINT WARNING * * *
The gnoll hits you from afar with a spear!
You die...

.. .# #.#######....
#........#...
#............
###...........
..#...>.....#
...........##
............#######
..............gg@.#
##................#
#.......)........#
##...#.##.........#
.).....####.......#
)##....# #.......#
####...####.......#
.# ##....#######..##
.#####...g.........#


You could see 2 gnolls.

Vanquished Creatures
  2 gnolls (D:2)
  An ooze (D:2)
  A dart slug (D:1)
  2 giant geckos
  A ball python (D:2)
  A giant cockroach (D:1)
  8 goblins
  3 hobgoblins (D:1)
  2 jackals (D:1)
  4 bats (D:1)
  2 kobolds (D:1)
  4 rats
31 creatures vanquished.

Notes
Turn   | Place    | Note
--------------------------------------------------------------
     0 | D:1      | dvd the Ghoul Monk began the quest for the Orb.
     0 | D:1      | Reached XP level 1. HP: 19/19 MP: 0/0
    65 | D:1      | Reached XP level 2. HP: 26/26 MP: 1/1
   201 | D:1      | Found a sparkling altar of Nemelex Xobeh.
   295 | D:1      | Reached skill level 5 in Unarmed Combat
   363 | D:1      | Reached XP level 3. HP: 25/31 MP: 2/2
  1053 | D:2      | Reached XP level 4. HP: 13/40 MP: 3/3
  1109 | D:2      | HP: 1/40 [gnoll/whip (5)]
  1109 | D:2      | Mangled by a gnoll

Vault maps used:
D:1:      dpeg_arrival_lava_temple_mockup, nemelex_altar_shiori
D:2:      first_bread, ecumenical_altar_1

Skill      XL: |  1  2  3 |
---------------+----------+-----
Unarmed Combat | 5 |  5.3
Dodging        | 3 |  3.0
Fighting       | |  3.7
Stealth        | |  2.6

Action                   |  1- 3 |  4- 6 || total
-------------------------+-------+-------++-------
Melee: Unarmed           |    61 |     3 ||    64
 Stab: Sleeping          |     7 |       ||     7
  Eat: Chunk             |     5 |     1 ||     6
